 Dungeon Crawl Stone Soup version 0.28-a0-1506-g3893175d92 (webtiles) character file.

Game seed: 2759007361287207985

4491 ytrimaz the Martial Artist (level 10, -21/69 HPs)
             Began as an Octopode Transmuter on Jan 12, 2022.
             Was a Follower of Ashenzari.
             Demolished by a tentacled starspawn (36 damage)
             ... on level 2 of the Abyss on Jan 13, 2022.
             The game lasted 00:19:28 (10916 turns).

ytrimaz the Martial Artist (Octopode Transmuter)   Turns: 10916, Time: 00:19:28

Health: -21/69     AC:  2    Str: 10      XL:     10   Next: 38%
Magic:  20/22      EV: 20    Int: 18 (20) God:    Ashenzari [*.....]
Gold:   543        SH:  0    Dex: 17      Spells: 10/25 levels left

rFire   . . .      SeeInvis .     - Unarmed
rCold   . . .      Faith    .   (shield currently unavailable)
rNeg    . . .      Spirit   .   (helmet currently unavailable)
rPois   .          Reflect  .   f - amulet "Tethered With Me" {Regen+, Melee, Comp} (curse)
rElec   .          Harm     .   t - ring of Ashenzari's Stickiness {rPois, Self, Cun} (curse)
rCorr   .          Rampage  .   (no ring)
Will    .....      Clarity  +   (no ring)
Stlth   ++........              (no ring)
HPRegen 1.01/turn               (no ring)
MPRegen 0.18/turn               (no ring)
                                (no ring)
                                (no ring)

@: spider-form
A: venomous fangs, almost no armour, (amphibious), 8 rings, tiny, (camouflage
1), (gelatinous body 1), (nimble swimmer 1), (tentacles), clarity
a: End Transformation, Renounce Religion, Curse Item, Shatter the Chains


You were on level 2 of the Abyss.
You worshipped Ashenzari.
Ashenzari was aware of your devotion.
You were a venomous arachnid creature.
You visited 1 branch of the dungeon, and saw 10 of its levels.
You visited the Abyss 1 time.

You collected 543 gold pieces.

Inventory:

Armour
 p - the cursed +0 hat "Lashed Gloom" (melded) {Int+3, Alch, Elem}
   (You acquired it on level 7 of the Dungeon)

   Int:       It affects your intelligence (+3).
   It has a curse which improves the following skills: Alchemy: Poison Magic and
   Transmutations.
   Elements:  Fire Magic, Ice Magic, Air Magic and Earth Magic.
Jewellery
 f - the cursed amulet "Tethered With Me" (around neck) {Regen+, Melee, Comp}
   (You found it on level 3 of the Dungeon)

   [amulet of regeneration]

   Regen:     It increases your rate of health regeneration.
   It has a curse which improves the following skills: Melee Combat: Short
   Blades, Long Blades, Axes, Maces & Flails, Polearms, Staves and Unarmed
   Combat.
   Companions: Summonings and Necromancy.
 t - the cursed ring of Ashenzari's Stickiness (left front leg) {rPois, Self, Cun}
   (You found it on level 9 of the Dungeon)

   [ring of poison resistance]

   rPois:     It protects you from poison.
   It has a curse which improves the following skills: Introspection: Fighting
   and Spellcasting.
   Cunning:   Dodging and Stealth.
Wands
 k - a wand of polymorph (12)
 m - a wand of flame (18)
Scrolls
 c - a scroll of vulnerability
 g - 2 scrolls of teleportation
 h - 3 scrolls of immolation
 i - 2 scrolls of fog
 o - 2 scrolls of magic mapping
 q - a scroll of summoning
 s - a scroll of enchant armour
Potions
 a - a potion of attraction
 b - 2 potions of mutation
 d - 2 potions of brilliance
 e - 2 potions of curing
 j - 2 potions of berserk rage
 l - a potion of ambrosia
 n - 2 potions of flight
 r - 2 potions of might


   Skills:
 * Level 5.7(6.5) Fighting
 - Level 2.1(2.8) Dodging
 + Level 9.1(10.0) Unarmed Combat
 * Level 7.1(8.0) Spellcasting
 * Level 7.1 Transmutations
 - Level 0.1 Ice Magic
 - Level 4.0 Poison Magic


You had 10 spell levels left.
You knew the following spells:

 Your Spells              Type           Power      Damage    Failure   Level
a - Beastly Appendage     Tmut           64%        N/A       3%          1
b - Wereblood             Tmut           32%        N/A       4%          2
c - Spider Form           Tmut/Pois      27%        N/A       11%         3
d - Ice Form              Ice/Tmut       20%        N/A       43%         4
e - Yara's Violent Unrav  Hex/Tmut       10%        3d6       75%         5

Your spell library contained the following spells:

 Spells                   Type           Power      Damage    Failure   Level
 Shock                    Conj/Air       28%        1d4       24%         1
 Scorch                   Fire           14%        2d5       32%         2
 Swiftness                Air            7%         N/A       50%         3
 Tukima's Dance           Hex            7%         N/A       50%         3
 Airstrike                Air            3%         N/A       85%         4
 Flame Wave               Conj/Fire      7%         2d4       85%         4
 Passage of Golubria      Tloc           7%         N/A       85%         4
 Summon Cactus Giant      Summ           3%         N/A       100%        6


Dungeon Overview and Level Annotations

Branches:
Dungeon (10/15)            Temple (0/1) D:6
   Lair: D:8-11         Orc: D:9-12

Altars:
Ashenzari
Cheibriados
Dithmenos
Elyvilon
Fedhas
Kikubaaqudgha
Wu Jian
Xom
Yredelemnul
Zin

Shops:
D:3 =

Annotations:
D:4 1 runed translucent door, awesomeguy42's ghost, amateur HuNe
D:9 1 runed translucent door
D:10 Erolcha; Psyche


Innate Abilities, Weirdness & Mutations

You are a venomous arachnid creature.
You have poisonous fangs.
You are tiny and dextrous.
Your spellcasting is less reliable in this form.
Your armour is entirely melded.
You are incapable of wielding weapons or throwing items.
You cannot wear most types of armour.
((You are amphibious.))
You can wear up to eight rings at the same time.
((Your skin changes colour to match your surroundings (Stealth+).))
((Your rubbery body absorbs attacks. (AC +1, EV +1)))
((You are camouflaged when in or above water. (Stealth+)))
((You have tentacles for arms and can constrict up to eight enemies at once.))
You possess an exceptional clarity of mind.


Message History

You start waiting.
A tentacled starspawn comes into view.
A fire bat comes into view.
Casting: Ice Form (dangerous; 14% risk of failure)
Confirm with . or Enter, or press ? or * to list all spells.
You turn into a venomous arachnid creature.
The cursed +0 hat "Lashed Gloom" {Int+3, Alch, Elem} melds into your body.
Unknown command.
The tentacled starspawn completely misses you.
The tentacled starspawn tentacle-slaps you!
You bite the tentacled starspawn!
The tentacled starspawn is lightly damaged.
The tentacled starspawn closely misses you.
The tentacled starspawn tentacle-slaps you!
You hit the tentacled starspawn but do no damage.
The tentacled starspawn is lightly damaged.
The tentacled starspawn completely misses you.
The tentacled starspawn misses you.
You bite the tentacled starspawn!
The tentacled starspawn is moderately damaged.
The tentacled starspawn bites you!!
The tentacled starspawn tentacle-slaps you!
* * * LOW HITPOINT WARNING * * *
You hit the tentacled starspawn.
The tentacled starspawn is moderately damaged.
You hit the tentacled starspawn.
The tentacled starspawn is moderately damaged.
The tentacled starspawn closely misses you.
The tentacled starspawn tentacle-slaps you.
* * * LOW HITPOINT WARNING * * *
Unknown command.
You bite the tentacled starspawn!
The tentacled starspawn is heavily damaged.
The tentacled starspawn barely misses you.
The tentacled starspawn tentacle-slaps you!
* * * LOW HITPOINT WARNING * * *
Unknown command.
You feel better. The tentacled starspawn bites you!!!
Ouch! That really hurt!
You die...

##.# ##.##
.
.###X..####
#.... .#. #
.####..## .
.
......####
. ##.
......## .
. # #
#..#### ###
####.X..#
#..##s## #
#.....#
#...#..## #
......##
..#.##. .#.
#. # .. ..
#..


You could see a tentacled starspawn.

Vanquished Creatures
  A boulder beetle (D:6)
  Erica (D:9)
  An ancient zyme (Abyss:2)
  3 yaks (D:10)
  A neqoxec (Abyss:2)
  A water moccasin (D:6)
  2 sky beasts
  A black bear (D:6)
  An ogre (D:6)
  3 centaurs
  2 phantoms
  3 kobold brigands
  A small abomination (Abyss:2)
  A bullfrog (D:8)
  2 gnoll sergeants
  3 scorpions (D:5)
  A water moccasin zombie (D:6)
  9 wights (D:9)
  3 howler monkeys
  2 hounds
  2 orc priests
  2 centaur zombies
  2 bullfrog skeletons (D:6)
  A gnoll shaman (D:8)
  An iguana (D:7)
  Terence (D:3)
  5 orc wizards
  Natasha (thrice) (D:3)
  A killer bee zombie (D:7)
  A howler monkey zombie (D:9)
  13 gnolls
  A howler monkey skeleton (D:6)
  8 adders
  2 white imps (D:5)
  4 ufetubi
  3 worms
  2 dart slugs
  17 orcs
  5 endoplasms
  A giant cockroach (D:1)
  6 goblins
  7 hobgoblins
  3 jackals (D:1)
  6 quokkas
  7 ball pythons
  5 bats
  3 frilled lizards
  19 kobolds
  5 rats
  A spectral orc (D:8)
179 creatures vanquished.

Notes
Turn   | Place    | Note
-------+----------+-------------------------------------------
     0 | D:1      | ytrimaz the Octopode Transmuter began the quest for the
                  | Orb.
     0 | D:1      | Reached XP level 1. HP: 13/13 MP: 3/3
   118 | D:1      | Reached XP level 2. HP: 17/18 MP: 5/5
   782 | D:2      | Found a faded altar of an unknown god.
   782 | D:2      | Noticed a reaper
   832 | D:2      | Reached XP level 3. HP: 13/23 MP: 4/6
   842 | D:2      | Learned a level 2 spell: Wereblood
   846 | D:2      | Learned a level 3 spell: Spider Form
  1643 | D:2      | Reached XP level 4. HP: 25/29 MP: 5/7
  2030 | D:3      | Noticed Terence
  2737 | D:3      | Killed Terence
  2741 | D:3      | Reached XP level 5. HP: 8/34 MP: 5/9
  3025 | D:3      | Noticed Natasha
  3039 | D:3      | Killed Natasha
  3183 | D:3      | Found an ancient bone altar of Kikubaaqudgha.
  3274 | D:3      | Found a snail-covered altar of Cheibriados.
  3308 | D:3      | Found Lazumaac's Jewellery Emporium.
  3499 | D:3      | Noticed Natasha
  3507 | D:3      | Killed Natasha
  3508 | D:3      | Reached skill level 4 in Unarmed Combat
  3587 | D:3      | Noticed Natasha
  3597 | D:3      | Killed Natasha
  3598 | D:3      | Reached skill level 1 in Poison Magic
  3610 | D:3      | Found a glowing silver altar of Zin.
  3886 | D:3      | Found a broken altar of Ashenzari.
  3886 | D:3      | Found a blossoming altar of Fedhas.
  3931 | D:3      | Became a worshipper of Ashenzari the Shackled
  4006 | D:4      | Found a runed translucent door.
  4014 | D:4      | Noticed awesomeguy42's ghost (amateur HuNe)
  4120 | D:4      | Reached XP level 6. HP: 38/39 MP: 6/11
  4125 | D:4      | Learned a level 4 spell: Ice Form
  4318 | D:4      | Found an ornate altar of the Wu Jian Council.
  4377 | D:4      | Found a shadowy altar of Dithmenos.
  4856 | D:5      | Entered Level 5 of the Dungeon
  5076 | D:5      | Reached XP level 7. HP: 33/45 MP: 9/12
  5578 | D:5      | Reached skill level 5 in Unarmed Combat
  5775 | D:6      | Reached XP level 8. HP: 20/52 MP: 11/14
  5778 | D:6      | Noticed a boulder beetle
  5779 | D:6      | HP: 2/52 [water moccasin zombie (4)]
  6103 | D:6      | Found a staircase to the Ecumenical Temple.
  6108 | D:6      | Killed a boulder beetle
  6109 | D:6      | Reached skill level 6 in Unarmed Combat
  6109 | D:6      | Reached skill level 5 in Spellcasting
  6109 | D:6      | Reached skill level 5 in Transmutations
  6385 | D:6      | Reached XP level 9. HP: 58/58 MP: 13/17
  6391 | D:6      | Learned a level 5 spell: Yara's Violent Unravelling
  6832 | D:6      | Found a white marble altar of Elyvilon.
  6917 | D:6      | Reached skill level 7 in Unarmed Combat
  8181 | D:7      | Identified a scroll of acquirement
  8181 | D:7      | Acquired the +0 hat "Jasch" {Int+3}
  8436 | D:8      | Reached * piety under Ashenzari
  8783 | D:8      | Found a basalt altar of Yredelemnul.
  9095 | D:9      | Reached skill level 5 in Fighting
  9095 | D:9      | Reached skill level 8 in Unarmed Combat
  9294 | D:9      | Found a runed translucent door.
  9294 | D:9      | Noticed a sixfirhy
  9315 | D:9      | Found a shimmering altar of Xom.
  9315 | D:9      | Found a shimmering altar of Xom.
  9317 | D:9      | Found a shimmering altar of Xom.
  9318 | D:9      | Found a shimmering altar of Xom.
  9321 | D:9      | Found a shimmering altar of Xom.
  9686 | D:9      | Reached XP level 10. HP: 14/66 MP: 16/19
 10006 | D:9      | Noticed Erica
 10020 | D:9      | Killed Erica
 10122 | D:10     | Entered Level 10 of the Dungeon
 10228 | D:10     | Reached skill level 9 in Unarmed Combat
 10318 | D:10     | Noticed Psyche
 10324 | D:10     | Noticed Erolcha
 10342 | D:10     | Paralysed by Psyche for 6 turns
 10343 | D:10     | Cast into level 2 of the Abyss (Erolcha)
 10774 | Abyss:2  | Upgraded the game from 0.28-a0-1493-g08698888e4 to
                  | 0.28-a0-1506-g3893175d92
 10811 | Abyss:2  | Noticed a worldbinder
 10813 | Abyss:2  | Noticed a wolf spider
 10814 | Abyss:2  | Noticed a wolf spider
 10815 | Abyss:2  | Noticed a thrashing horror
 10815 | Abyss:2  | Noticed a thrashing horror
 10823 | Abyss:2  | Gained mutation: You possess an exceptional clarity of
                  | mind. [a neqoxec]
 10826 | Abyss:2  | Noticed a wolf spider
 10900 | Abyss:2  | Noticed a tentacled starspawn
 10916 | Abyss:2  | Demolished by a tentacled starspawn

Illustrated notes

Levels and vault maps discovered:
D:1:      tarquinn_simple_flora_water_a, layout_loops_ring
D:2:      layout_basic, dreamdust_ecumenical_altar_sealed_demon
D:3:      layout_basic, kiku_gazebo_garden_becter,
          gammafunk_temple_overflow_statue, mainiacjoe_overflow_catch_the_wave,
          serial_shops, shop, hangedman_decor_growths, uniq_terence,
          uniq_natasha
D:4:      layout_gridville, amcnicky_altar_gilded, lemuel_round_altar,
          ebering_ghost_sewer_d, minmay_strange_pillars
D:5:      layout_loops_ring
D:6:      layout_basic, elyvilon_altar_3, minmay_temple_entry_grid,
          kennysheep_path_1, minmay_hedge_maze
D:7:      layout_layer_cave, minivault_24
D:8:      layout_gridville, yredelemnul_forgotten_temple_becter
D:9:      cheibrodos_shockbox, layout_irregular_city, xom_shifter_show,
          evilmike_butchery, uniq_erica
D:10:     layout_gridville, mainiacjoe_overflow_brackets,
          mainiacjoe_overflow_six_doors_small, special_room [special_room_orc],
          dk_vineyard_2, uniq_grum, uniq_psyche, uniq_erolcha
Abyss:2:  base: D:4, evilmike_abyss_exit_12, minivault_25, base:
D:1

Skill      XL: |  1  2  3  4  5  6  7  8  9 10 |
---------------+-------------------------------+-----
Transmutations | 3 4 5 6 7 |  7.1
Fighting       | 2 3 4 5 |  5.7
Spellcasting   | 3 4 5 6 7 |  7.1
Unarmed Combat | 4 5 6 8 9 |  9.1
Poison Magic   | 1 3 4 |  4.0
Dodging        | |  2.1
Ice Magic      | |  0.1

Action                   |  1- 3 |  4- 6 |  7- 9 | 10-12 || total
-------------------------+-------+-------+-------+-------++-------
Melee: Unarmed           |    70 |   129 |   293 |    80 ||   572
       Constrict         |    21 |    19 |       |     1 ||    41
       Tentacles         |    20 |    12 |     2 |     1 ||    35
       Kick              |     8 |    15 |       |       ||    23
       Punch             |     3 |     5 |     1 |       ||     9
 Cast: Beastly Appendage |     8 |     7 |       |       ||    15
       Wereblood         |       |     2 |     8 |     3 ||    13
       Spider Form       |       |    11 |    23 |     6 ||    40
       Ice Form          |       |     1 |     5 |     2 ||     8
Invok: Curse Item        |       |     1 |     1 |     1 ||     3
  Use: Scroll            |       |    10 |     8 |     1 ||    19
       Potion            |       |       |     4 |     2 ||     6
 Stab: Sleeping          |     8 |     3 |     1 |       ||    12
Armor: Skin              |     4 |    12 |    54 |     5 ||    75
Dodge: Dodged            |    53 |   106 |   275 |    59 ||   493

Table legend: (Time is in decaauts)
 A = Elapsed time spent in this place.
 B = Non-inter-level travel time spent in this place.
 C = Inter-level travel time spent in this place.
 D = Time resting spent in this place.
 E = Time spent auto-exploring this place.
 F = Levels seen in this place.
 G = Mean time per level.
                   A        B        C        D        E       F      G
               +--------+--------+--------+--------+--------+-----+--------+
         Total |  10855 |  10497 |    358 |   1826 |   6909 |  11 |  986.8 |
       Dungeon |  10287 |   9929 |    358 |   1411 |   6896 |  10 | 1028.7 |
         Abyss |    568 |    568 |      0 |    415 |     13 |   1 |  568.0 |
               +--------+--------+--------+--------+--------+-----+--------+

Top non-repeatable levels by time:
     D:2: 1769 daAuts
     D:3: 1536 daAuts
     D:6: 1388 daAuts
     D:5: 1091 daAuts
     D:9: 980 daAuts
     D:7: 923 daAuts
     D:8: 839 daAuts
     D:4: 811 daAuts
     D:1: 733 daAuts
 Abyss:2: 568 daAuts
    D:10: 214 daAuts
